 Dungeon Crawl Stone Soup version 0.28-a0-630-g0357d9c091 (webtiles) character file.

Game seed: 17378770002216017010

9 Conn the Firebug (level 2, 0/17 HPs)
             Began as an Octopode Fire Elementalist on Oct 9, 2021.
             Slain by a jackal (1 damage)
             ... on level 1 of the Dungeon.
             The game lasted 00:01:57 (349 turns).

Conn the Firebug (Octopode Fire Elementalist)        Turns: 349, Time: 00:01:57

Health: 0/17       AC:  1    Str:  7    XL:     2   Next: 16%
Magic:  3/5        EV: 13    Int: 17    God:
Gold:   0          SH:  0    Dex: 12    Spells: 4/5 levels left

rFire   . . .      SeeInvis .   (no weapon)
rCold   . . .      Faith    .   (no shield)
rNeg    . . .      Spirit   .   (helmet restricted)
rPois   .          Reflect  .   (no amulet)
rElec   .          Harm     .   (no ring)
rCorr   .          Rampage  .   (no ring)
Will    .....                   (no ring)
Stlth   +++.......              (no ring)
HPRegen 0.05/turn               (no ring)
MPRegen 0.09/turn               (no ring)
                                (no ring)
                                (no ring)

@: no status effects
A: almost no armour, amphibious, 8 rings, camouflage 1, gelatinous body 1,
(nimble swimmer 1), tentacles
a: no special abilities


You were on level 1 of the Dungeon.
You visited 1 branch of the dungeon, and saw 1 of its levels.

You aren't carrying anything.


   Skills:
 + Level 2.0 Dodging
 + Level 2.9 Stealth
 + Level 2.2 Spellcasting
 + Level 1.2 Conjurations
 + Level 3.2 Fire Magic


You had 4 spell levels left.
You knew the following spells:

 Your Spells              Type           Power      Damage    Failure   Level
a - Foxfire               Conj/Fire      36%        2x1d5     8%          1

Your spell library contained the following spells:

 Spells                   Type           Power      Damage    Failure   Level
 Scorch                   Fire           24%        2d6       8%          2
 Conjure Flame            Conj/Fire      9%         6-21      22%         3
 Inner Flame              Hex/Fire       7%         N/A       28%         3
 Flame Wave               Conj/Fire      9%         3d4       58%         4


Dungeon Overview and Level Annotations

Branches:
Dungeon (1/15)

Altars:


Innate Abilities, Weirdness & Mutations

You cannot wear most types of armour.
You are amphibious.
You can wear up to eight rings at the same time.
Your skin changes colour to match your surroundings (Stealth+).
Your rubbery body absorbs attacks. (AC +1, EV +1)
((You are camouflaged near water. (Stealth+)))
You have tentacles for arms and can constrict up to eight enemies at once.


Message History

You kill the jackal!
The jackal bites you but does no damage.
You tentacle-slap the jackal but do no damage.
Your grab misses the jackal. The jackal barely misses you.
The jackal completely misses you.
You closely miss the jackal. Your grab misses the jackal.
The jackal barely misses you. The jackal bites you.
The jackal barely misses you.
You barely miss the jackal. Your grab misses the jackal.
The jackal misses you. x2
You barely miss the jackal. You grab the jackal. You constrict the jackal.
The jackal bites you but does no damage.
The jackal closely misses you. The jackal bites you.
* * * LOW HITPOINT WARNING * * *
You barely miss the jackal. You grab the jackal.
You constrict the jackal, but do no damage.
You constrict the jackal. The jackal bites you.
* * * LOW HITPOINT WARNING * * *
The jackal bites you but does no damage.
The jackal bites you.
* * * LOW HITPOINT WARNING * * *
You aren't carrying any potions.
As you read the scroll labelled RULUOGYEGH, it crumbles to dust.
It is a scroll of identify.
You don't have any unidentified items.
You constrict the jackal.
You constrict the jackal, but do no damage.
The jackal misses you. The jackal closely misses you. x2
You tentacle-slap the jackal.
The jackal is almost dead.
You constrict the jackal, but do no damage.
You constrict the jackal. The jackal bites you.
* * * LOW HITPOINT WARNING * * *
The jackal barely misses you. The jackal closely misses you.
Unknown command.
You tentacle-slap the jackal.
The jackal is heavily wounded.
You constrict the jackal.
You kill the jackal!
You constrict the jackal. The jackal bites you.
You die...

#########
......h@##........ #.
#######†##........ #.
#.##........ #.
#.##........
#.##########.##........
#..........#.##........
#...)......#.##........
#..(.......#'##........
#####......................


You could see a jackal.

Vanquished Creatures
  A ball python (D:1)
  An endoplasm (D:1)
  A giant cockroach (D:1)
  A hobgoblin (D:1)
  3 jackals (D:1)
  A kobold (D:1)
8 creatures vanquished.

Vanquished Creatures (others)
  18 foxfires (D:1)
18 creatures vanquished.

Grand Total: 26 creatures vanquished

Notes
Turn   | Place    | Note
-------+----------+-------------------------------------------
     0 | D:1      | Conn the Octopode Fire Elementalist began the quest for the
                  | Orb.
     0 | D:1      | Reached XP level 1. HP: 11/11 MP: 3/3
   330 | D:1      | Reached XP level 2. HP: 17/17 MP: 3/5
   349 | D:1      | Slain by a jackal

Illustrated notes

Levels and vault maps discovered:
D:1:      heliophobic_arrival_glass_houses, layout_basic,
          dreamdust_ecumenical_altar_statues

Action                   || total
-------------------------++-------
Melee: Unarmed           ||    25
       Constrict         ||     5
       Tentacles         ||     1
 Cast: Foxfire           ||    10
  Use: Scroll            ||     1
Armor: Skin              ||     7
Dodge: Dodged            ||    34

Table legend: (Time is in decaauts)
 A = Elapsed time spent in this place.
 B = Non-inter-level travel time spent in this place.
 C = Inter-level travel time spent in this place.
 D = Time resting spent in this place.
 E = Time spent auto-exploring this place.
 F = Levels seen in this place.
 G = Mean time per level.
                   A        B        C        D        E       F      G
               +--------+--------+--------+--------+--------+-----+--------+
         Total |    349 |    349 |      0 |      0 |    225 |   1 |  349.0 |
       Dungeon |    349 |    349 |      0 |      0 |    225 |   1 |  349.0 |
               +--------+--------+--------+--------+--------+-----+--------+

Top non-repeatable levels by time:
     D:1: 349 daAuts
